cohdb
Replays
Latest Replays
All Replays
Popular Replays
Top Player Replays
Match Explorer
How It Works
Community
CoH3 Stats
Reddit
Sign in to upload your games and track your stats! →
Sign in with Steam
Match 42569338
Unlisted
Match 42569338
Overview
Messages
Build Orders
End
Construct Section Command Post
Royal Engineer Section
Vickers Machine Gun Team
Infantry Section
Infantry Section
Dingo Light Scout Car
Grenade Package
Selects Canadian Shock Battlegroup
Selects Attacking Spirit
Selects Canadian Shock Section
Selects Incendiary Munitions
Canadian Shock Section
Construct Platoon Command Post
Selects Pyrotechnics
Construct Field Infirmary
Humber Armored Car
6-pounder Anti-tank Gun Team
Construct Company Command Post
money1996
Brother
0
0
Comments
sign in to comment!
No comments posted yet!